 Dungeon Sprint DCSS version 0.20.1-1-g8b1a95d (webtiles) character file.

165 potatolord6000 the Covered (level 5, 0/51 HPs)
             Began as a Minotaur Fighter on Aug 29, 2017.
             Was a Priest of Qazlal.
             Slain by an ice beast (11 damage)
             ... in the Dungeon (Sprint VII: "The Pits").
             The game lasted 00:01:36 (212 turns).

potatolord6000 the Covered (Minotaur Fighter)        Turns: 212, Time: 00:01:37

Health: 0/51       AC: 13    Str: 22    XL:     5   Next: 21%
Magic:  3/7        EV:  6    Int:  5    God:    Qazlal [***...]
Gold:   0          SH: 15    Dex:  9    Spells: 4/4 levels left

rFire    . . .     SeeInvis .   l - +2 falchion
rCold    . . .     Gourm    .   c - +0 shield
rNeg     . . .     Faith    .   r - +3 chain mail
rPois    .         Spirit   .   (helmet restricted)
rElec    .         Reflect  .   (no cloak)
rCorr    .         Harm     .   (no gloves)
MR       .....     NoTele   +   (no boots)
Stlth    ..........             (no amulet)
Regen    0.2/turn               (no ring)
MPRegen  0.1/turn               (no ring)

@: no status effects
A: retaliatory headbutt, horns 2
a: Upheaval, Elemental Force, Renounce Religion


You were in the Dungeon.
You worshipped Qazlal.
Qazlal was most pleased with you.
You were not hungry.

You visited 1 branch

Inventory:

Hand Weapons
 l - a +2 falchion (weapon)
Armour
 c - a +0 shield (worn)
 r - a +3 chain mail (worn)
Scrolls
 k - a scroll of blinking
 m - 3 scrolls of remove curse
 n - 5 scrolls of amnesia
 o - a scroll of summoning
Potions
 a - 2 potions of invisibility
 d - a potion of might
 e - 6 potions of curing
 g - 5 potions of heal wounds
 h - a potion of haste
 i - 4 potions of magic
 j - 3 potions of berserk rage
Comestibles
 f - 8 bread rations
 p - 40 fruits
 q - 7 meat rations


   Skills:
 + Level 6.6 Fighting
 + Level 6.3 Long Blades
 + Level 6.8 Armour
 + Level 6.6 Shields
 + Level 4.3 Invocations


You had 4 spell levels left.
You didn't know any spells.

Dungeon Overview and Level Annotations

Branches:
Dungeon (1/1)

Altars:
Ashenzari
Cheibriados
Dithmenos
Elyvilon
Fedhas
Gozag
Hepliaklqana
Kikubaaqudgha
Makhleb
Nemelex Xobeh
Okawaru
Qazlal
Ru
Sif Muna
Trog
Uskayaw
Vehumet
Xom
Yredelemnul
Zin
The Shining One
Beogh
Jiyva
Lugonu

Annotations:
D Pikel


Innate Abilities, Weirdness & Mutations

You reflexively headbutt those who attack you in melee.
You have a pair of horns on your head.


Message History

Your Invocations skill gained 2 levels and is now at level 4!
You have reached level 4!
You feel stronger.
You have reached level 5!
You block the worker ant's attack. The slave hits you but does no damage.
The slave hits you. You block the worker ant's attack.
A scorpion comes into view.
You hit the ice beast.
The ice beast is lightly wounded.
You block the ice beast's attack. The worker ant barely misses you.
The slave hits you!
* * * LOW HITPOINT WARNING * * *
You block the slave's attack.
Unknown command.
You closely miss the ice beast.
The ice beast is lightly wounded.
You block the worker ant's attack. The ice beast hits you.
* * * LOW HITPOINT WARNING * * *
The ice beast freezes you!
You die...

#.#..'..#[)#####+##
#.#..####))##......
#.#..#..#))##......
#.#..#..#..##......
#.##'#..#'###...<..
#.#.††.....##......
#.#........##......
#'###########......
#p@YK...# #######
#ap#s#..# #s## #
#.. #.# #.. #.. ###


You could see Pikel, an ice beast, 2 slaves, a scorpion, a worker ant and a
giant cockroach.

Vanquished Creatures
  A fire bat (D)
  A slave (D)
  A river rat (D)
  An ufetubus (D)
  An ooze (D)
  An adder skeleton (D)
  2 ball pythons (D)
  A bat zombie (D)
  A giant cockroach (D)
  4 jackals (D)
  A jackal zombie (D)
15 creatures vanquished.

Notes
Turn   | Place    | Note
-------+----------+-------------------------------------------
     0 | D        | potatolord6000 the Minotaur Fighter began the quest for the Orb.
     0 | D        | Reached XP level 1. HP: 19/19 MP: 0/0
    50 | D        | Found a bloodstained altar of Trog.
    50 | D        | Found a deep blue altar of Sif Muna.
    50 | D        | Found a viscous altar of Jiyva.
    50 | D        | Found a hazy altar of Hepliaklqana.
    50 | D        | Found an opulent altar of Gozag.
    51 | D        | Found a glowing golden altar of the Shining One.
    51 | D        | Found a glowing silver altar of Zin.
    51 | D        | Found a basalt altar of Yredelemnul.
    51 | D        | Found a shimmering altar of Xom.
    51 | D        | Found a sacrificial altar of Ru.
    51 | D        | Found a stormy altar of Qazlal.
    51 | D        | Found an iron altar of Okawaru.
    51 | D        | Found a sparkling altar of Nemelex Xobeh.
    51 | D        | Found a burning altar of Makhleb.
    51 | D        | Found a blossoming altar of Fedhas.
    51 | D        | Found a white marble altar of Elyvilon.
    51 | D        | Found a shadowy altar of Dithmenos.
    51 | D        | Found a snail-covered altar of Cheibriados.
    54 | D        | Found a corrupted altar of Lugonu.
    54 | D        | Found a radiant altar of Vehumet.
    54 | D        | Found a roughly hewn altar of Beogh.
    55 | D        | Found an ancient bone altar of Kikubaaqudgha.
    55 | D        | Found a hide-covered altar of Uskayaw.
    55 | D        | Found a shattered altar of Ashenzari.
    58 | D        | Became a worshipper of Qazlal Stormbringer
    87 | D        | Reached * piety under Qazlal
    88 | D        | Reached XP level 2. HP: 26/27 MP: 1/1
    95 | D        | Reached ** piety under Qazlal
    95 | D        | Reached skill level 1 in Invocations
   107 | D        | Reached skill level 5 in Armour
   108 | D        | Reached *** piety under Qazlal
   108 | D        | Reached XP level 3. HP: 34/34 MP: 3/3
   187 | D        | Noticed an ice beast
   187 | D        | Noticed a slave
   187 | D        | Noticed a slave
   190 | D        | Noticed a slave
   191 | D        | Noticed a fire bat
   194 | D        | Noticed Pikel
   201 | D        | Killed a slave
   202 | D        | Noticed a slave
   210 | D        | Killed a fire bat
   210 | D        | Reached XP level 4. HP: 21/45 MP: 3/6
   210 | D        | Reached XP level 5. HP: 23/51 MP: 3/7
   212 | D        | Slain by an ice beast

Skill      XL: |  1  2  3 |
---------------+----------+-----
Fighting       | 4 6 |  6.6
Armour         | 4 5 6 |  6.8
Shields        | 4 6 |  6.6
Long Blades    | 3 4 6 |  6.3
Invocations    | 2 4 |  4.3

Action                   |  1- 3 |  4- 6 || total
-------------------------+-------+-------++-------
Melee: Falchion          |    47 |     2 ||    49
       Headbutt          |     4 |       ||     4
       Long sword        |     2 |       ||     2
  Use: Potion            |     1 |       ||     1
Armor: Scale mail        |    22 |       ||    22
       Chain mail        |    26 |     1 ||    27
Dodge: Dodged            |    20 |     1 ||    21
Block: Shield            |    71 |     5 ||    76
       Rpst.: Falchion   |     6 |       ||     6
       Long sword        |     1 |       ||     1
